Map: New Williamsberg

Players

KaeldeN

  • Race: Zerg Zerg
  • League: Gold
  • Spawn Location: 12:00

kBj

  • Race: Terran Terran
  • Spawn Location: 3:00

MasterMind

  • Race: Terran Terran
  • League: Gold
  • Spawn Location: 0:00

Blubbel

  • Race: Terran Terran
  • League: Silver
  • Spawn Location: 6:00

zod

  • Race: Protoss Protoss
  • League: Silver
  • Spawn Location: 9:00

MasteroP

  • Race: Zerg Zerg
  • Spawn Location: 0:00

VOD

Have the link to the VOD?

Description

Time

  • Played on: Jan. 10, 2016, 8:30 a.m.
  • Length: 11:54
Show
View Real Time Build Order
Export as new Build Order

KaeldeN Zerg 

Build Orders: 3 Hatch before Pool 

Get SALT Encoding   

  12  0:01  Drone  
  13  0:12  Overlord  
  13  0:17  Drone  
  14  0:30  Drone x2  
  14  0:34  Drone  
  17  0:45  Drone  
  18  1:04  Hatchery  
  17  1:20  Hatchery  
  16  1:26  Drone x2  
  18  1:34  Extractor  
  18  1:38  Spawning Pool  
  16  1:41  Drone  
  17  1:57  Drone x2  
  19  2:08  Drone  
  20  2:19  Drone  
  20  2:20  Drone  
  22  2:26  Queen  
  22  2:27  Queen  
  26  2:40  Drone x2  
  26  2:43  Queen  
  30  2:45  Drone  
  30  2:47  Drone  
  32  2:54  Metabolic Boost  
  32  2:57  Drone  
  33  2:59  Drone  
  34  3:11  Overlord  
  34  3:12  Overlord  
  34  3:25  Overlord  
  34  3:26  Overlord  
  34  3:31  Drone x6  
  34  3:32  Drone  
  41  3:37  Drone x2  
  41  3:38  Drone  
  44  3:42  Zergling x2  
  44  3:43  Zergling x2  
  44  3:44  Zergling x2  
  44  3:46  Zergling x2  
  48  3:49  Zergling x2  
  49  4:14  Zergling x12  
  49  4:15  Drone  
  49  4:16  Drone x2  
  58  4:39  Drone x6  
  64  4:51  Lair  
  64  4:55  Roach Warren  
  64  4:56  Extractor  
  64  4:57  Extractor  
  64  4:58  Extractor  
  60  5:00  Drone x6, Extractor  
  60  5:01  Extractor  
  64  5:08  Evolution Chamber  
  64  5:09  Evolution Chamber  
  62  5:36  Drone x4  
  62  5:38  Overlord x3  
  66  5:45  Zerg Ground Armor Level 1, Zerg Melee Weapons Level 1  
  66  5:52  Infestation Pit  
  64  6:21  Spore Crawler  
  64  6:24  Spore Crawler  
  60  6:26  Spore Crawler  
  60  6:28  Hive  
  53  6:34  Overseer  
  52  6:46  Zergling x6  
  56  6:47  Zergling x4  
  56  6:48  Zergling x8  
  59  7:19  Drone x6  
  64  7:48  Zerg Ground Armor Level 2, Ultralisk Cavern  
  64  7:49  Zerg Melee Weapons Level 2  
  64  7:51  Viper x5  
  63  7:52  Viper  
  81  8:03  Queen  
  81  8:04  Queen  
  85  8:05  Overlord  
  85  8:06  Hatchery, Overlord x5  
  85  8:07  Hatchery  
  83  8:34  Roach  
  83  8:35  Roach x12  
  108  9:13  Chitinous Plating  
  108  9:15  Overlord x6  
  108  9:30  Ultralisk  
  108  9:31  Ultralisk x6  
  150  9:32  Overlord x5  
  147  10:01  Ravager x3  
  147  10:02  Ravager x5  
  155  10:15  Adrenal Glands  
  155  10:18  Ultralisk x7  
Show
View Real Time Build Order
Export as new Build Order

kBj Terran 

Build Orders:  

Get SALT Encoding   

  12  0:01  SCV  
  13  0:14  SCV  
  14  0:25  Supply Depot  
  14  0:26  SCV  
  15  0:45  Refinery  
  15  0:47  SCV, Refinery  
  16  0:58  Barracks  
  16  0:59  SCV  
  17  1:23  SCV  
  18  1:35  SCV  
  19  1:55  Barracks Tech Lab  
  19  1:57  Orbital Command  
  19  2:12  Engineering Bay  
  19  2:31  SCV  
  20  2:43  SCV  
  20  2:44  Marauder  
  23  2:47  Concussive Shells  
  23  3:21  Command Center, Missile Turret  
  23  3:35  Supply Depot  
  23  3:38  Supply Depot  
  23  3:57  SCV  
  24  4:09  SCV  
  25  4:21  SCV  
  26  5:11  Orbital Command  
  26  5:17  Refinery  
  26  5:20  SCV  
  27  5:33  Command Center  
  27  5:35  SCV  
  28  5:46  Refinery  
  28  5:55  SCV  
  27  6:42  Command Center  
  27  6:46  Refinery  
  27  6:49  Supply Depot, Refinery  
  27  6:50  Supply Depot  
  27  6:51  Marine  
  25  7:09  Marine  
  26  7:19  SCV  
  27  7:27  Orbital Command  
  27  7:31  SCV  
  27  7:34  Refinery  
  28  7:39  Refinery  
  28  7:48  SCV  
  29  7:59  Orbital Command  
  29  8:11  SCV  
  30  8:23  SCV  
  31  8:33  SCV  
  32  8:45  SCV  
  32  8:48  SCV  
  34  8:58  SCV  
  34  9:00  SCV  
  36  9:10  SCV  
  36  9:12  SCV  
  38  9:19  SCV x2  
  38  9:22  SCV  
  41  9:24  SCV  
  43  9:31  SCV x2  
  43  9:34  SCV  
  43  9:36  SCV  
  46  9:43  SCV x2  
  48  9:46  SCV  
  49  10:17  SCV x3  
  49  10:18  SCV  
  51  10:33  SCV  
  49  10:55  SCV  
  50  11:01  SCV  
  51  11:07  SCV  
  52  11:11  SCV  
  52  11:13  SCV  
  54  11:19  SCV  
  54  11:23  SCV  
Show
View Real Time Build Order
Export as new Build Order

MasterMind Terran 

Build Orders: 1/1/1, Mech 

Get SALT Encoding   

  12  0:02  SCV  
  13  0:14  SCV  
  14  0:22  Supply Depot  
  14  0:26  SCV  
  15  0:44  SCV  
  15  0:46  Barracks  
  16  0:52  Refinery  
  16  0:55  Refinery  
  16  0:56  SCV  
  17  1:08  SCV  
  18  1:20  SCV  
  20  1:35  Supply Depot, Orbital Command  
  20  1:39  Factory  
  19  2:01  SCV  
  19  2:08  Supply Depot  
  20  2:13  SCV  
  21  2:24  Factory Reactor, Starport  
  21  2:26  SCV  
  22  2:31  Engineering Bay  
  22  2:41  SCV  
  23  2:53  SCV  
  24  3:01  Widow Mine x2  
  24  3:02  Medivac  
  24  3:05  SCV  
  31  3:09  Missile Turret  
  31  3:17  SCV  
  32  3:20  Supply Depot  
  32  3:29  SCV, Widow Mine x2  
  37  3:45  SCV  
  38  4:00  SCV  
  37  4:10  Widow Mine x2  
  37  4:12  Medivac  
  41  4:18  SCV  
  42  4:40  Command Center  
  42  4:42  Command Center  
  42  4:43  Starport Tech Lab  
  40  5:04  Banshee  
  40  5:06  Hellion x2  
  45  5:12  SCV  
  46  5:27  Hellion  
  46  5:38  SCV  
  47  5:48  Refinery  
  47  5:51  Refinery  
  43  6:01  SCV  
  42  6:05  SCV  
  42  6:09  Orbital Command  
  43  6:22  Missile Turret  
  43  6:24  SCV  
  44  6:26  Missile Turret  
  44  6:30  Missile Turret  
  45  6:37  Planetary Fortress  
  44  6:42  Missile Turret  
  40  6:59  Siege Tank  
  43  7:04  Factory  
  43  7:05  Viking  
  40  7:16  SCV x2  
  42  7:23  SCV, Factory  
  42  7:24  Factory  
  42  7:28  SCV  
  42  7:49  Viking x2, Siege Tank  
  42  7:50  SCV  
  42  7:51  SCV  
  51  8:03  SCV  
  52  8:09  Factory Tech Lab  
  52  8:11  Factory Reactor  
  52  8:14  Supply Depot  
  52  8:15  SCV x2  
  52  8:45  SCV  
  52  8:46  Viking x2  
  57  8:53  Starport  
  57  9:00  Starport  
  54  9:03  Orbital Command  
  54  9:11  Missile Turret  
  54  9:13  Missile Turret  
  54  9:17  Missile Turret  
  54  9:18  Viking x2  
  54  9:20  SCV x2  
  60  9:32  Starport Reactor  
  60  9:36  Armory  
  60  9:37  Armory  
  60  9:38  Starport Reactor  
  60  9:40  SCV x2  
  60  9:41  Factory Tech Lab  
  62  9:48  SCV  
  62  9:52  SCV x2  
  65  9:54  Hellion x2  
  65  9:57  Cyclone  
  72  10:00  SCV  
  72  10:04  SCV x2  
  75  10:11  Viking x2  
  75  10:13  Viking  
  75  10:14  Viking  
  82  10:15  Viking  
  84  10:27  Viking  
  84  10:33  Refinery x2  
  66  10:46  Viking  
  66  10:47  Viking x3  
  74  10:55  SCV x2  
  76  10:58  Missile Turret  
  76  11:00  Command Center  
  73  11:19  Missile Turret  
Show
View Real Time Build Order
Export as new Build Order

Blubbel Terran 

Build Orders: 1/1/1 

Get SALT Encoding   

  12  0:01  SCV  
  13  0:14  SCV  
  14  0:20  Supply Depot  
  14  0:26  SCV  
  15  0:36  Refinery  
  15  0:41  SCV  
  16  0:46  Barracks  
  16  0:53  SCV  
  17  1:06  SCV  
  18  1:18  SCV  
  19  1:30  SCV  
  20  1:39  Factory  
  20  1:40  Marine  
  20  1:42  SCV  
  22  1:51  Supply Depot  
  22  1:54  SCV  
  23  2:13  SCV  
  23  2:14  Refinery  
  24  2:16  Marine  
  24  2:20  Supply Depot  
  25  2:26  Starport  
  25  2:28  Widow Mine  
  27  2:33  Marine  
  27  2:35  Orbital Command  
  28  2:51  Marine  
  28  2:56  Widow Mine  
  31  3:00  Command Center  
  31  3:04  Medivac  
  33  3:08  SCV  
  34  3:13  Barracks Reactor  
  34  3:23  Engineering Bay  
  34  3:34  Factory Reactor  
  34  4:38  SCV  
  33  4:41  Widow Mine x2  
  33  4:43  Medivac  
  33  4:44  Marine x2  
  41  4:50  SCV  
  36  5:09  Marine x2  
  38  5:19  Barracks  
  38  5:20  SCV  
  39  5:27  Marine x2  
  41  5:32  SCV  
  42  5:44  SCV  
  43  5:56  SCV  
  40  6:37  Marine x2  
  43  6:42  Barracks Reactor  
  43  6:46  Barracks  
  43  6:47  Terran Infantry Weapons Level 1  
  42  6:48  Medivac  
  44  6:54  Marine  
  42  7:24  Marine x2  
  42  7:25  Marine  
  42  7:27  Widow Mine x2  
  47  7:45  SCV  
  48  7:51  Marine x4  
  48  7:52  Marine  
  48  7:57  SCV  
  54  8:01  Supply Depot  
  54  8:02  Supply Depot  
  54  8:05  Engineering Bay  
  54  8:22  Marine x5  
  54  8:23  SCV  
  59  8:35  SCV  
  59  8:46  SCV  
  59  8:47  SCV  
  51  8:54  Barracks Tech Lab  
  51  8:55  Widow Mine x2  
  51  8:58  SCV, Medivac  
  51  8:59  SCV  
  59  9:11  SCV  
  60  9:23  SCV  
  61  9:24  Engineering Bay  
  61  9:25  Terran Infantry Armor Level 1  
  61  9:31  Refinery  
  61  9:32  Marine x2  
  61  9:35  SCV  
  64  9:47  SCV  
  66  10:00  SCV  
  66  10:12  SCV  
  67  10:20  Marine x2  
  67  10:21  Marine  
  70  10:28  Missile Turret  
  70  10:32  Orbital Command  
  70  11:03  Widow Mine x2  
  70  11:04  SCV, Marine x3  
  67  11:17  Marine x2  
Show
View Real Time Build Order
Export as new Build Order

zod Protoss 

Build Orders: 1 Gate Expand 

Get SALT Encoding   

  12  0:01  Probe (Chrono Boost)  
  13  0:12  Probe (Chrono Boost)  
  14  0:19  Pylon  
  14  0:26  Probe (Chrono Boost)  
  15  0:37  Probe (Chrono Boost)  
  16  0:48  Probe (Chrono Boost)  
  17  0:50  Gateway  
  17  1:11  Nexus  
  17  1:17  Assimilator  
  18  1:18  Probe (Chrono Boost)  
  18  1:35  Forge  
  18  1:40  Pylon  
  18  1:41  Zealot  
  18  1:43  Probe (Chrono Boost)  
  21  1:50  Assimilator  
  21  2:05  Probe (Chrono Boost)  
  21  2:06  Cybernetics Core  
  22  2:15  Probe (Chrono Boost)  
  23  2:27  Photon Cannon  
  23  2:29  Probe (Chrono Boost)  
  24  2:31  Probe (Chrono Boost)  
  25  2:39  Probe (Chrono Boost)  
  25  2:41  Probe (Chrono Boost)  
  27  2:45  Pylon  
  27  2:46  Warp Gate  
  27  2:51  Adept  
  29  2:54  Probe (Chrono Boost)  
  32  3:05  Mothership Core (Chrono Boost)  
  32  3:16  Stargate  
  32  3:19  Pylon  
  32  3:29  Probe x2 (Chrono Boost), Pylon  
  34  3:36  Assimilator  
  34  3:39  Probe (Chrono Boost)  
  34  3:40  Probe (Chrono Boost)  
  36  3:48  Gateway  
  36  4:03  Robotics Facility  
  36  4:05  Stargate  
  36  4:12  Probe (Chrono Boost), Photon Cannon  
  36  4:13  Probe (Chrono Boost)  
  38  4:19  Oracle  
  41  4:50  Oracle  
  44  4:53  Pylon  
  44  4:56  Pylon  
  44  4:58  Observer (Chrono Boost), Pylon  
  45  5:12  Probe  
  45  5:13  Probe  
  47  5:17  Warp Prism (Chrono Boost)  
  49  5:22  Probe  
  49  5:25  Probe  
  51  5:31  Stalker  
  52  5:49  Observer (Chrono Boost)  
  47  6:07  Observer (Chrono Boost)  
  36  6:25  Probe  
  37  6:35  Probe  
  37  6:38  Stalker  
  40  6:46  Probe, Void Ray x2  
  49  6:56  Probe  
  49  6:59  Gateway  
  49  7:01  Gateway  
  50  7:03  Gateway  
  50  7:06  Gateway  
  50  7:07  Probe, Photon Cannon  
  50  7:10  Photon Cannon  
  50  7:11  Pylon  
  50  7:13  Pylon  
  50  7:15  Photon Cannon  
  51  7:16  Pylon  
  51  7:18  Photon Cannon  
  51  7:31  Void Ray  
  51  7:34  Void Ray  
  59  7:39  Probe  
  59  7:40  Probe  
  61  7:50  Probe  
  61  7:53  Probe  
  63  8:05  Zealot x2  
  67  8:25  Nexus  
  67  8:28  Assimilator  
  67  8:32  Assimilator  
  67  8:51  Pylon  
  67  8:56  Nexus  
  67  9:07  Protoss Ground Weapons Level 1  
  64  9:10  Observer (Chrono Boost)  
  64  9:15  Stalker x2  
  61  9:59  Stalker x4  
  57  10:00  Probe  
  57  10:07  Probe  
  58  10:11  Probe  
  58  10:12  Assimilator  
  60  10:16  Assimilator  
  60  10:17  Probe  
  61  10:21  Probe, Photon Cannon  
  61  10:28  Probe  
  62  10:29  Probe  
  62  10:31  Assimilator  
  62  10:32  Probe  
  65  10:38  Probe  
  65  10:40  Probe  
  65  10:42  Probe, Zealot x2  
  71  10:49  Probe  
  72  10:50  Probe  
  72  10:53  Probe  
  75  10:59  Probe  
  75  11:03  Probe  
  76  11:10  Probe  
  77  11:14  Probe  
  79  11:20  Probe  
  79  11:24  Probe  
  76  11:28  Zealot x2  
  76  11:29  Zealot x2  
  76  11:30  Zealot  
  76  11:31  Probe  
  87  11:35  Probe  
Show
View Real Time Build Order
Export as new Build Order

MasteroP Zerg 

Build Orders: Pool First 

Get SALT Encoding   

  12  0:02  Drone  
  13  0:14  Overlord  
  13  0:17  Drone  
  14  0:32  Drone x2  
  16  0:38  Drone  
  17  0:46  Spawning Pool  
  17  0:49  Drone  
  17  0:53  Extractor  
  16  0:57  Drone  
  17  1:08  Drone  
  18  1:19  Drone  
  19  1:31  Hatchery  
  18  1:33  Drone  
  18  1:37  Queen  
  21  1:41  Drone  
  22  1:47  Extractor  
  22  1:51  Drone  
  22  2:20  Overlord x2  
  22  2:29  Lair  
  22  2:41  Drone x2  
  22  2:42  Hatchery  
  23  2:51  Drone x2  
  25  2:52  Queen  
  25  2:55  Drone  
  28  3:00  Drone  
  28  3:05  Drone x2  
  31  3:08  Drone  
  32  3:13  Extractor  
  32  3:14  Drone  
  32  3:16  Extractor  
  32  3:27  Drone x4  
  35  3:39  Spire  
  34  3:43  Drone x2  
  35  4:40  Overseer  
  33  5:19  Overlord x3  
  34  5:28  Zergling x2  
  34  5:32  Overlord x2  
  34  5:33  Overlord  
  34  5:40  Mutalisk x3  
  34  5:42  Queen  
  40  5:46  Queen  
  44  5:57  Mutalisk  
  46  6:15  Mutalisk  
  38  6:27  Extractor  
  38  6:29  Extractor  
  34  6:43  Queen  
  35  7:20  Drone x5  
  35  7:21  Drone x8  
  35  7:22  Drone, Queen  
  51  7:47  Drone x2  
  51  7:48  Drone x6  
  59  8:00  Drone x3  
  62  8:07  Drone x2  
  62  8:12  Spore Crawler  
  63  8:15  Spore Crawler  
  62  8:20  Mutalisk  
  62  8:21  Mutalisk x4  
  72  8:30  Mutalisk  
  74  8:41  Mutalisk  
  76  9:02  Mutalisk x3  
  82  9:23  Overlord x2  
  82  9:24  Overlord  
  82  9:32  Spore Crawler  
  82  9:36  Zerg Flyer Weapons Level 1  
  82  9:37  Spore Crawler  
  80  9:38  Mutalisk  
  80  9:41  Overlord x3  
  82  9:50  Mutalisk x5  
  82  9:51  Mutalisk x2  
  96  9:58  Mutalisk  
  98  10:05  Mutalisk  
  100  10:14  Mutalisk  
  100  10:15  Drone  
  100  10:19  Zergling x6  
  100  10:20  Zergling x8  
  110  10:25  Mutalisk x2  
  74  10:52  Mutalisk x5  
  84  11:01  Zergling x12  
  84  11:02  Zergling x14  
  97  11:14  Zergling x4  
  97  11:15  Zergling x6  
Tags
 
Add a new tag
Caveats
  • Supply blocks, unpowered buildings, or Contaminate may cause inaccurate times.
  • Supply counts are checked every 10 seconds.